 Dungeon Crawl Stone Soup version 0.19-a0-1065-gdac414d (webtiles) character file.

55 Gagarin the Stinger (level 3, 0/19 HPs)
             Began as a Deep Elf Venom Mage on Aug 3, 2016.
             Slain by an adder (1 damage)
             ... on level 2 of the Dungeon.
             The game lasted 00:04:53 (1507 turns).

Gagarin the Stinger (Deep Elf Venom Mage)           Turns: 1507, Time: 00:04:54

Health: 0/19       AC:  2    Str:  6    XL:     3   Next: 67%
Magic:  7/10       EV: 13    Int: 19    God:
Gold:   65         SH:  0    Dex: 15    Spells: 1 memorised, 8 levels left

rFire  . . .     SeeInvis .     e - +0 dagger
rCold  . . .     Gourm    .     a - +0 robe
rNeg   . . .     Faith    .     (no shield)
rPois  .         Spirit   .     (no helmet)
rElec  .         Dismiss  .     (no cloak)
rCorr  .         Reflect  .     (no gloves)
SustAt .         Harm     .     (no boots)
MR     .....                    (no amulet)
Stlth  ++........               (no ring)
                                (no ring)

@: lethally poisoned (0 -> -6)
A: no striking features
a: no special abilities


You were on level 2 of the Dungeon.
You were not hungry.

You visited 1 branch of the dungeon, and saw 2 of its levels.

You collected 65 gold pieces.

Inventory:

Hand Weapons
 e - a +0 dagger (weapon)
Armour
 a - a +0 robe (worn)
Scrolls
 f - a scroll of noise {unknown}
 h - a scroll of recharging {unknown}
 i - 2 scrolls of identify {unknown}
 j - a scroll of fog {unknown}
Books
 b - a Young Poisoner's Handbook

   Spells                             Type                      Level
   a - Sting                          Conjuration/Poison           1
   b - Mephitic Cloud                 Conjuration/Poison/Air       3
   c - Olgreb's Toxic Radiance        Poison                       4
   d - Alistair's Intoxication        Transmutation/Poison         5
   e - Venom Bolt                     Conjuration/Poison           5
Comestibles
 c - 3 bread rations
 d - 5 chunks of flesh
 g - a meat ration


   Skills:
 + Level 0.2 Short Blades
 + Level 2.8 Dodging
 + Level 2.9 Stealth
 + Level 3.5 Spellcasting
 + Level 1.2 Conjurations
 + Level 5.1 Poison Magic


You had 8 spell levels left.
You knew the following spells:

 Your Spells              Type           Power        Failure   Level  Hunger
a - Sting                 Conj/Pois      ###.         4%          1    None


Dungeon Overview and Level Annotations

Branches:
Dungeon (2/15)

Altars:
Pakellas


Message History

The adder is moderately wounded.
The adder barely misses you. The adder bites you.
You feel sick.
You aren't carrying any potions.
The adder barely misses you.
You feel sick.
You aren't carrying any items that you can evoke.
Casting: Sting
Confirm with . or Enter, or press ? or * to list all spells.
Aiming: Sting
Press: ? - help, Shift-Dir - straight line, f/p - adder
Aim: an adder (moderately wounded)
The sting hits the adder.
The adder is poisoned.
The adder is heavily wounded.
The adder bites you.
* * * LOW HITPOINT WARNING * * *
You are more poisoned.
The adder poisons you! The adder bites you.
You die...

♣$....♣♣♣ ♣.♣♣ ♣♣....♣♣♣♣
♣......♣ ♣.♣♣ ♣♣♣♣...♣♣♣
♣.♣.♣♣.♣♣ ♣♣.♣♣♣♣..[.♣♣♣ ♣ ♣)♣♣
♣♣.....♣♣♣♣ ♣♣.♣♣♣ ♣♣♣♣...♣
♣♣..♣♣♣ ♣♣...♣♣♣♣♣♣♣♣♣♣ ♣♣♣.g♣♣♣
♣..........♣♣.. ###
♣♣♣gS♣♣♣..♣♣♣♣♣♣♣....♣ #.#
♣♣♣@...♣♣ ♣♣♣♣♣♣ #.# ♣♣♣♣♣♣ #.##
### ### ##.###.# ###### ###
##.## #....##
#.#..#########.###...# ##.####
##.#...................
#..#######..##.#########<##.....
#..............## #........
#..###########..###########.....


You could see an adder and 2 goblins.

Vanquished Creatures
  2 worms (D:2)
  2 dart slugs (D:1)
  A giant gecko (D:1)
  4 bats
  8 giant cockroaches
  2 goblins (D:1)
  5 hobgoblins
  A jackal (D:2)
  A quokka (D:2)
  A ball python (D:1)
  3 giant newts
  2 kobolds
  10 rats
42 creatures vanquished.

Notes
Turn   | Place    | Note
-------+----------+-------------------------------------------
     0 | D:1      | Gagarin the Deep Elf Venom Mage began the quest for the Orb.
     0 | D:1      | Reached XP level 1. HP: 10/10 MP: 6/6
   231 | D:1      | Reached XP level 2. HP: 15/15 MP: 2/8
   736 | D:1      | Reached skill level 5 in Poison Magic
   915 | D:2      | Reached XP level 3. HP: 19/19 MP: 6/9
   984 | D:2      | Found an oddly glowing altar of Pakellas.
  1431 | D:2      | Reached skill level 1 in Conjurations
  1507 | D:2      | Slain by an adder

Vault maps used:
D:1:      minmay_arrival_nine_rooms, serial_forest,
          infiniplex_forest_straight_2, infiniplex_forest_end_2,
          infiniplex_forest_clump_C, infiniplex_forest_clump_large,
          infiniplex_forest_side_room, infiniplex_forest_lined_3,
          infiniplex_forest_clump_long, infiniplex_forest_lined_ring
D:2:      kb_forest_paths, grunt_pakellas_basics, first_bread, uniq_natasha,
          uniq_iyjb

Skill      XL: |  1  2  3 |
---------------+----------+-----
Poison Magic   | 5 |  5.1
Conjurations   | 1 |  1.2
Short Blades   | |  0.2
Dodging        | |  2.8
Stealth        | |  2.9
Spellcasting   | |  3.5

Action                   || total
-------------------------++-------
Melee: Dagger            ||     7
 Cast: Sting             ||    73
 Stab: Sleeping          ||     4
  Eat: Chunk             ||     2
Armor: Robe              ||     4
Dodge: Dodged            ||    21
